 Seeded DCSS version 0.29-a0-317-gd16b76e (webtiles) character file.

Game seed: 5749682856977272197 (custom seed)

86 Illumine the Sneak (level 4, -3/29 HPs)
             Began as a Gargoyle Delver on Mar 30, 2022.
             Was a Follower of Ru.
             Killed by divine providence
             ... invoked by an orc priest
              (15 damage)
             ... on level 3 of the Dungeon.
             The game lasted 00:08:06 (2944 turns).

Illumine the Sneak (Gargoyle Delver)                Turns: 2944, Time: 00:08:07

Health: -3/29      AC: 15    Str: 18    XL:     4   Next: 49%
Magic:  4/4        EV: 11    Int: 10    God:    Ru [*.....]
Gold:   117        SH:  0    Dex: 11    Spells: 3/3 levels left

rFire   . . .      SeeInvis +   t - +0 trident
rCold   . . .      Faith    .   (no shield)
rNeg    + . .      Spirit   .   w - +0 chain mail
rPois   ∞          Reflect  .   a - +0 helmet
rElec   +          Harm     .   k - +1 cloak
rCorr   .          Rampage  .   (no gloves)
Will    .....                   p - +0 pair of boots
Stlth   ..........              (no amulet)
HPRegen 0.09/turn               b - +4 ring of evasion
MPRegen 0.09/turn               u - ring of see invisible

@: unable to read
A: sickness immunity, AC +3, negative energy resistance 1, electricity
resistance, torment resistance 1, petrification resistance, inability to read
while threatened
a: Renounce Religion


You were on level 3 of the Dungeon.
You worshipped Ru.
Ru was aware of your devotion.
You visited 2 branches of the dungeon, and saw 6 of its levels.

You collected 117 gold pieces.

Inventory:

Hand Weapons
 s - a +0 hunting sling
 t - a +0 trident (weapon)
Missiles
 e - 61 stones
 h - 5 boomerangs (quivered)
Armour
 a - a +0 helmet (worn)
 k - a +1 cloak (worn)
 p - a +0 pair of boots (worn)
 w - a +0 chain mail (worn)
Jewellery
 b - a +4 ring of evasion (left hand)
 u - a ring of see invisible (right hand)
Wands
 g - a wand of digging (2)
Scrolls
 c - a scroll of fog
 d - a scroll of immolation {unknown}
 i - a scroll of vulnerability {unknown}
 m - a scroll of enchant armour {unknown}
 o - a scroll of amnesia
 v - a scroll of teleportation {unknown}
Potions
 f - 3 potions of haste
 j - 4 potions of curing {unknown}
 n - 2 potions of attraction {unknown}
 q - a potion of lignification {unknown}
 r - a potion of resistance {unknown}


   Skills:
 + Level 3.8 Fighting
 * Level 3.7 Polearms
 + Level 0.0 Armour
 - Level 1.5 Dodging
 - Level 5.5 Stealth


You had 3 spell levels left.
You didn't know any spells.
Your spell library contained the following spells:

 Spells                   Type           Power      Damage    Failure   Level
 Animate Skeleton         Necr           0%         N/A       99%         1
 Pain                     Necr           0%         1d4       99%         1
 Vampiric Draining        Necr           0%         2d6       100%        3


Dungeon Overview and Level Annotations

Branches:
Dungeon (5/15)             Temple (1/1) D:5

Altars:
Ashenzari
Cheibriados
Elyvilon
Fedhas
Hepliaklqana
Kikubaaqudgha
Nemelex Xobeh
Ru
Xom
Zin
The Shining One

Annotations:
D:3 Sigmund
D:5 Pikel


Innate Abilities, Weirdness & Mutations

You are immune to sickness and miasma.
Your stone body is resilient. (AC +3)
You are immune to poison.
You resist negative energy. (rN+)
You are resistant to electric shocks. (rElec)
You are resistant to unholy torment.
You are immune to petrification.
You sometimes lose the ability to read scrolls when taking damage.


Message History

You puncture the orc!
You kill the orc!
v - a scroll labelled HIODEI EFULESH
Items here: )) [ ††.
Okay, then.
w - a +0 chain mail You start removing your armour.
You continue taking off your +0 ring mail. x4
You finish taking off your +0 ring mail.
You start putting on your armour.
You continue putting on your +0 chain mail. x5
You finish putting on your +0 chain mail.
Unknown command.
You drop a +0 ring mail.
An orc priest comes into view. It is wielding a +0 club.
The orc priest shouts!
You reach to attack!
You barely miss the orc priest. You hit the orc priest.
The orc priest is moderately wounded.
The orc priest invokes the aid of Beogh against you.
Beogh smites you!
You hit the orc priest.
The orc priest is heavily wounded.
The orc priest hits you with a +0 club.
You hit the orc priest but do no damage.
The orc priest is heavily wounded.
The orc priest hits you but does no damage.
You hit the orc priest but do no damage.
The orc priest is heavily wounded.
The orc priest misses you.
You barely miss the orc priest.
The orc priest is heavily wounded.
The orc priest hits you but does no damage.
You barely miss the orc priest.
The orc priest is heavily wounded.
The orc priest mumbles some strange prayers to Beogh against you.
Beogh smites you!
You feel threatened and lose the ability to read scrolls!
Ouch! That really hurt!
You die...

#.......'.........+
#.....##.#.........#
##.......##.......##
##.########.....##
#. ##...## #. ##'##
#. #[# #.# #@#
#..o...# #.....#.#
##...## ...## #....
##... ##.#


You could see an orc priest.

Vanquished Creatures
  Robin (D:1)
  An adder (D:2)
  A dart slug (D:3)
  6 orcs
  4 bats
  2 endoplasms
  A giant cockroach (D:2)
  13 goblins
  6 hobgoblins
  4 quokkas
  3 ball pythons (D:1)
  2 frilled lizards (D:1)
  6 kobolds
  2 rats (D:2)
52 creatures vanquished.

Notes
Turn   | Place    | Note
-------+----------+-------------------------------------------
     0 | D:5      | Illumine the Gargoyle Delver began the quest for the Orb.
     0 | D:5      | Reached XP level 1. HP: 14/14 MP: 1/1
     9 | D:5      | Found a staircase to the Ecumenical Temple.
    14 | Temple   | Entered the Ecumenical Temple
    46 | Temple   | Became a worshipper of Ru the Awakened
    75 | D:5      | Noticed a lemure
    75 | D:5      | Noticed a lemure
    75 | D:5      | Noticed a lemure
    75 | D:5      | Noticed Pikel
    75 | D:5      | Noticed a lemure
    76 | D:5      | Noticed an acid dragon
   384 | D:3      | Reached XP level 2. HP: 4/19 MP: 2/2
   746 | D:3      | Noticed Sigmund
  1069 | D:1      | Found a faded altar of an unknown god.
  1424 | D:1      | Reached XP level 3. HP: 23/23 MP: 3/3
  1648 | D:1      | Gained mutation: You sometimes lose the ability to read
                  | scrolls when taking damage. [Ru sacrifice]
  1648 | D:1      | Reached * piety under Ru
  2091 | D:2      | Noticed Robin
  2332 | D:2      | Reached XP level 4. HP: 29/29 MP: 4/4
  2731 | D:1      | Killed Robin
  2944 | D:3      | Killed from afar by an orc priest

Illustrated notes

Levels and vault maps discovered:
D:1:      grunt_arrival_crossed_arrows, layout_loops_ring,
          hellmonk_ecumenical_altar_inner_sanctum, minivault_14
D:2:      layout_rooms, nicolae_figureground_pulse, uniq_robin
D:3:      layout_loops_corners, gammafunk_ghost_necromancy,
          small_statue_intersection, kennysheep_generic_room_11, uniq_sigmund
D:4:      layout_loops_ring, kennysheep_okawaru_gauntlet
D:5:      minmay_angry_zag, layout_basic, minmay_temple_entry_tees, uniq_pikel
Temple:   eino_temple_rhombus

Skill      XL: |  1  2  3 |
---------------+----------+-----
Polearms       | 2 3 |  3.7
Fighting       | |  3.8
Dodging        | |  1.5
Stealth        | |  5.5

Action                   |  1- 3 |  4- 6 || total
-------------------------+-------+-------++-------
Melee: Spear             |   158 |    14 ||   172
       Trident           |       |    32 ||    32
       Punch             |       |     2 ||     2
Throw: Boomerang         |     1 |       ||     1
Invok: Sacrifice Words   |     1 |       ||     1
Evoke: Wand              |     1 |       ||     1
  Use: Scroll            |     4 |       ||     4
 Stab: Sleeping          |     9 |       ||     9
       Distracted        |     1 |       ||     1
Armor: Leather armour    |     6 |       ||     6
       Ring mail         |    30 |    21 ||    51
       Chain mail        |       |     2 ||     2
Dodge: Dodged            |    96 |    31 ||   127

Table legend: (Time is in decaauts)
 A = Elapsed time spent in this place.
 B = Non-inter-level travel time spent in this place.
 C = Inter-level travel time spent in this place.
 D = Time resting spent in this place.
 E = Time spent auto-exploring this place.
 F = Levels seen in this place.
 G = Mean time per level.
                   A        B        C        D        E       F      G
               +--------+--------+--------+--------+--------+-----+--------+
         Total |   2948 |   2797 |    151 |    747 |   1087 |   6 |  491.3 |
       Dungeon |   2899 |   2763 |    136 |    747 |   1069 |   5 |  579.8 |
        Temple |     48 |     33 |     15 |      0 |     18 |   1 |   48.0 |
               +--------+--------+--------+--------+--------+-----+--------+

Top non-repeatable levels by time:
     D:1: 1108 daAuts
     D:3: 813 daAuts
     D:2: 726 daAuts
     D:4: 181 daAuts
     D:5: 68 daAuts
  Temple: 48 daAuts
